Map: Dusty Gorge

Players

ViperHyper - Winner!

  • Race: Terran Terran
  • League: Master
  • Spawn Location: 11:00

RiseAgain - Winner!

  • Race: Protoss Protoss
  • Spawn Location: 9:00

PureLegacy

  • Race: Terran Terran
  • Spawn Location: 5:00

vic

  • Race: Zerg Zerg
  • League: Diamond
  • Spawn Location: 3:00

VOD

Have the link to the VOD?

Description

Time

  • Played on: Nov. 30, 2018, 7:43 a.m.
  • Length: 3:55
Show
View Real Time Build Order
Export as new Build Order

ViperHyper Terran - Winner!

Build Orders: Hellion Opening 

Get SALT Encoding   

  12  0:00  SCV  
  13  0:13  SCV  
  14  0:18  Supply Depot  
  14  0:25  SCV  
  15  0:29  Refinery  
  15  0:40  SCV  
  16  0:46  Barracks  
  16  0:52  SCV  
  16  0:56  Refinery  
  17  1:04  SCV  
  18  1:16  SCV  
  19  1:32  Orbital Command  
  19  1:33  Factory  
  19  1:37  Barracks Reactor  
  19  1:50  Supply Depot  
  19  1:57  SCV  
  20  2:10  SCV  
  23  2:23  Hellion x2  
  23  2:25  Factory  
  23  2:29  Barracks Tech Lab, SCV  
  26  2:35  Supply Depot  
  28  2:44  Hellion x2  
  30  2:57  Supply Depot  
  32  3:05  Hellion  
  32  3:06  Hellion  
  34  3:22  Cyclone  
  41  3:45  Supply Depot  
Show
View Real Time Build Order
Export as new Build Order

RiseAgain Protoss - Winner!

Build Orders:  

Get SALT Encoding   

  12  0:01  Probe  
  13  0:13  Probe  
  14  0:20  Pylon  
  14  0:25  Probe  
  15  0:34  Probe  
  15  0:39  Gateway  
  15  0:42  Probe  
  16  0:49  Assimilator  
  17  0:52  Probe  
  18  1:04  Probe  
  18  1:09  Gateway  
  19  1:16  Probe  
  20  1:22  Assimilator  
  20  1:26  Cybernetics Core  
  20  1:29  Probe  
  21  1:36  Pylon  
  21  1:41  Probe  
  22  1:54  Adept x2  
  26  2:11  Twilight Council  
  26  2:20  Stalker  
  28  2:28  Pylon  
  28  2:34  Stalker  
  30  3:07  Stalker  
  32  3:24  Stalker  
  32  3:32  Gateway  
  32  3:33  Gateway  
  30  3:34  Probe  
Show
View Real Time Build Order
Export as new Build Order

PureLegacy Terran 

Build Orders: Reaper Expand 

Get SALT Encoding   

  12  0:02  SCV  
  13  0:23  SCV  
  13  0:26  Supply Depot  
  14  0:35  SCV  
  15  0:48  SCV  
  16  0:50  Barracks  
  16  0:52  Refinery  
  16  1:00  SCV  
  17  1:12  SCV  
  18  1:24  SCV  
  19  1:38  Reaper, Orbital Command  
  20  1:49  Command Center  
  20  1:55  Supply Depot  
  20  2:04  SCV  
  21  2:11  Barracks Reactor  
  21  2:16  SCV  
  21  2:18  Barracks  
  21  2:21  Barracks  
  22  2:28  SCV  
  23  2:40  SCV  
  23  2:42  Supply Depot  
  24  2:49  Marine x2  
  26  2:56  SCV  
  27  3:04  Bunker  
  26  3:06  Barracks Tech Lab  
  26  3:07  Orbital Command  
  26  3:13  Marine x2  
  26  3:15  Marine  
  29  3:30  Marine  
  29  3:32  SCV  
  29  3:33  Refinery, Marine x2  
  29  3:34  Marine  
  34  3:38  SCV  
Show
View Real Time Build Order
Export as new Build Order

vic Zerg 

Build Orders: Hatch First 

Get SALT Encoding   

  12  0:02  Drone  
  13  0:12  Overlord  
  13  0:18  Drone  
  14  0:31  Drone x2  
  16  0:36  Drone  
  17  0:55  Hatchery  
  16  0:57  Drone  
  16  1:01  Drone  
  18  1:11  Extractor  
  18  1:17  Spawning Pool  
  16  1:19  Drone  
  16  1:23  Drone  
  18  1:28  Drone  
  19  1:38  Overlord  
  19  1:52  Drone  
  20  2:00  Drone  
  21  2:11  Drone  
  21  2:13  Queen  
  21  2:14  Queen  
  27  2:15  Zergling x2  
  27  2:21  Drone  
  28  2:23  Metabolic Boost  
  28  2:32  Drone  
  28  2:33  Drone x2  
  31  2:41  Drone  
  31  2:43  Drone  
  29  3:01  Queen  
  29  3:04  Zergling x2  
  29  3:05  Zergling x4  
  34  3:16  Zergling x4  
Tags
 
Add a new tag
Caveats
  • Supply blocks, unpowered buildings, or Contaminate may cause inaccurate times.
  • Supply counts are checked every 10 seconds.